 Dungeon Crawl Stone Soup version 0.16.0-17-g811c1d7 (webtiles) character file.

7134 timbw the Basher (level 11, -2/90 HPs)
             Began as an Octopode Summoner on Mar 20, 2015.
             Slain by a yak (12 damage)
             ... on level 10 of the Dungeon.
             The game lasted 00:25:41 (8747 turns).

timbw the Basher (Octopode Summoner)                Turns: 8747, Time: 00:25:41

Health: -2/90      AC:  1    Str:  7    XL:     11   Next: 10%
Magic:  15/15      EV: 17    Int: 27    God:
Gold:   758        SH:  4    Dex: 17    Spells: 1 memorised, 13 levels left

rFire  . . .     SeeInvis .     o - +2 flail (drain)
rCold  . . .     Clarity  .     F - +0 buckler
rNeg   . . .     SustAb   .     (helmet restricted)
rPois  +         Gourm    .     (no amulet)
rElec  .         Spirit   .     m - +5 ring of intelligence
rCorr  .         Warding  .     q - +2 ring of intelligence
rMut   .         Stasis   .     s - ring of protection from magic
MR     +....                    E - ring of poison resistance
Stlth  +++.......               f - +3 ring of intelligence
                                Q - +3 ring of slaying
                                (no ring)
                                (no ring)

@: slowed, very slow, somewhat resistant to hostile enchantments, fairly
stealthy
A: almost no armour, amphibious, 8 rings, constrict 8, camouflage 1, low mp 1,
robust 2, gelatinous body 1
a: no special abilities


You were on level 10 of the Dungeon.
You were not hungry.

You visited 1 branch of the dungeon, and saw 11 of its levels.
You also visited: Ossuary.

You collected 758 gold pieces.

Inventory:

Hand weapons
 d - a +2 flail of protection
 h - a cursed +0 club
 k - a +3 whip of freezing
 o - a +2 flail of draining (weapon)
 K - a +0 blowgun
Missiles
 J - 4 curare-tipped needles
Armour
 F - a +0 buckler (worn)
Magical staves
 L - an uncursed staff of power {unknown}
Jewellery
 f - a +3 ring of intelligence (on tentacle)
 m - a +5 ring of intelligence (left tentacle)
 q - a +2 ring of intelligence (right tentacle)
 s - a ring of protection from magic (on tentacle)
 E - a ring of poison resistance (on tentacle)
 Q - a +3 ring of slaying (on tentacle)
Magical devices
 e - a wand of magic darts (3)
 u - a wand of frost (11)
 G - a wand of confusion (20)
Scrolls
 n - a scroll of magic mapping
 x - 2 scrolls of blinking {unknown}
 y - 2 scrolls of noise
 M - 3 scrolls of amnesia
 R - a scroll of recharging
 S - 3 scrolls of identify
 X - a scroll of fog {unknown}
Potions
 a - 5 potions of curing
 p - 3 potions of degeneration
 v - a potion of ambrosia
 w - a potion of berserk rage
 z - a potion of lignification {unknown}
 A - 3 potions of agility
 B - a potion of flight {unknown}
 C - 2 potions of haste
 D - a potion of might {unknown}
 H - 2 potions of magic
 N - 2 potions of restore abilities {unknown}
 O - a potion of decay {unknown}
 P - a potion of beneficial mutation {unknown}
 Z - a potion of brilliance {unknown}
Books
 b - a book of Callings

   Spells                             Type                      Level
   a - Summon Small Mammal            Summoning                    1
   b - Call Imp                       Summoning                    2
   c - Call Canine Familiar           Summoning                    3
   d - Summon Guardian Golem          Hexes/Summoning              4
   e - Summon Lightning Spire         Summoning/Air                4
   f - Summon Ice Beast               Ice/Summoning                4
 U - Kikubaaqudgha's Papyrus of Dark Secrets
   (You found it on level 8 of the Dungeon)

   Spells                             Type                      Level
   a - Pain                           Necromancy                   1
 V - Sif Muna's Grimoire of Attacks
   (You found it on level 8 of the Dungeon)

   Spells                             Type                      Level
   a - Shock                          Conjuration/Air              1
 W - Vehumet's Volume of Combat Magic
   (You found it on level 8 of the Dungeon)

   Spells                             Type                      Level
   a - Magic Dart                     Conjuration                  1
 Y - a Necronomicon {highlevel, unknown}

   This book is beyond your current level of understanding.

   Spells                             Type                      Level
   a - Haunt                          Necromancy/Summoning         7
   b - Borgnjor's Revivification      Necromancy                   8
   c - Death's Door                   Charms/Necromancy            8
   d - Necromutation                  Transmutation/Necromancy     8
Comestibles
 c - 9 bread rations
 g - a meat ration
 j - 9 slices of pizza
 l - 4 royal jellies
 I - 4 beef jerkies


   Skills:
 + Level 7.5 Fighting
 * Level 12.3 Maces & Flails
 + Level 8.2 Dodging
 - Level 2.6 Stealth
 - Level 2.0 Spellcasting
 - Level 4.0 Summonings


You had 13 spell levels left.
You knew the following spells:

 Your Spells              Type           Power        Failure   Level  Hunger
a - Summon Small Mammal   Summ           ###.         3%          1    None


Dungeon Overview and Level Annotations

Branches:
Dungeon (11/15)               Orc (0/4) D:9
 Temple: D:4-7         Lair: D:8-11

Altars:
Ashenzari
Gozag
Kikubaaqudgha
Makhleb
Ru
Sif Muna
Vehumet
Zin
Lugonu

Shops:
D:4 ?   D:7 *

Annotations:
D:3 timbw's ghost, weakling SpIE
D:4 valak23's ghost, average DrBe
D:10 Harold; Josephine


Innate Abilities, Weirdness & Mutations

You cannot wear most types of armour.
You are amphibious.
You can wear up to eight rings at the same time.
You can use your tentacles to constrict many enemies at once.
Your skin changes colour to match your surroundings (Stealth).
Your rubbery body absorbs attacks (AC +1).
Your magical capacity is low (-10% MP).
You are very robust (+20% HP).


Message History

The yak barely misses you.
You hit the yak but do no damage. The yak gores you. The yak gores you!
The wraith misses you.
Unknown command.
Read which item? (? for menu, Esc to quit)
As you read the scroll labeled QUISOA MUOH, it crumbles to dust.
You experience a momentary feeling of inescapable doom!
It was a scroll of random uselessness.
The yak gores you!
* * * LOW HITPOINT WARNING * * *
The yak completely misses you. The wraith hits you.
* * * LOW HITPOINT WARNING * * *
The wraith drains your vigour!
You feel yourself slow down.
* * * LOW HITPOINT WARNING * * *
Read which item? (? for menu, Esc to quit)
As you read the scroll labeled TWITUKKULA, it crumbles to dust.
The creatures around you are filled with an inner flame!
It was a scroll of immolation.
The yak gores you!
* * * LOW HITPOINT WARNING * * *
The yak gores you!
You die...

***** ,,,,* *####* ,,,,* *....*
,,,,* *.*#@#### ,,*** *.*#....#
** *,,* ########.*####.# **,
*,,** ##.......## #@### *,,
*,,,*##..⌠...⌠.Y#####...# ***,,
,,,**#.......YYY@#....#$## *,,,,
,,,**#.....⌠..WYW#.......#* *,,,*
,,,,,#..<.....a5W#...<##..#**,,**
.,,,*#.....⌠....Y##.###*#.#*,,**
.,*,*#...........##.,,,,,..(,**
.,*,,##..⌠...⌠..###.,*****,.,*
.##*,*##.......##*#.,* **,,**
.S#*,* ###..####*,,,,* **,,**
#O#*,* #.##*,,,,,,** *,,,,**


You could see 6 yaks, 3 wraiths, a worker ant (inner flame) and a quasit (inner
flame).

Vanquished Creatures
  An ogre mage (D:11)
  Pikel (D:7)
  An ugly thing (D:10)
  Joseph (D:7)
  A troll (D:9)
  A wraith (D:9)
  A hungry ghost (D:9)
  A human (D:7)
  Eustachio (D:4)
  A hill giant zombie (D:9)
  A hippogriff (D:9)
  A deep elf mage (D:9)
  Menkaure (D:5)
  A water moccasin (D:8)
  An ice beast (D:8)
  An ogre (D:6)
  3 slaves (D:7)
  3 phantoms
  3 sky beasts
  2 black bears (D:9)
  6 orc warriors
  2 centaurs
  A crocodile (D:8)
  Blork the orc (D:4)
  7 giant frogs
  4 killer bees (D:8)
  2 troll zombies (D:9)
  2 crimson imps
  2 hounds
  2 iguanas (D:8)
  2 jellies (D:8)
  A giant frog skeleton (D:5)
  3 orc priests
  Natasha (thrice) (D:4)
  13 orc wizards
  4 sheep (D:7)
  2 worker ants (D:6)
  A big kobold zombie (Ossuary)
  4 ogre zombies (D:9)
  Ijyb (D:7)
  A hound zombie (D:8)
  A hound skeleton (D:8)
  8 mummies (Ossuary)
  2 worker ant zombies
  9 adders
  4 gnolls (D:7)
  2 shadow imps
  A giant mite (D:7)
  4 worms
  4 giant geckos
  An ooze (D:2)
  26 orcs
  3 giant cockroaches
  A gnoll zombie (Ossuary)
  7 goblins
  6 hobgoblins
  7 jackals
  13 kobolds
  3 quokkas
  A ball python (D:3)
  11 bats
  A giant gecko zombie (D:5)
  A giant newt (D:1)
  2 goblin zombies (D:9)
  A hobgoblin skeleton (D:9)
  5 hobgoblin zombies
  3 kobold zombies (Ossuary)
  3 orc skeletons (D:9)
  17 orc zombies
  2 quokka skeletons
  13 rats
253 creatures vanquished.

Vanquished Creatures (others)
  A slave (D:7)
  2 orcs
3 creatures vanquished.

Grand Total: 256 creatures vanquished

Notes
Turn   | Place    | Note
--------------------------------------------------------------
     0 | D:1      | timbw, the Octopode Summoner, began the quest for the Orb.
     0 | D:1      | Reached XP level 1. HP: 11/11 MP: 3/3
   368 | D:1      | Reached XP level 2. HP: 17/17 MP: 4/4
   805 | D:2      | Reached skill level 1 in Maces & Flails
   807 | D:2      | Reached XP level 3. HP: 11/21 MP: 6/6
  1368 | D:2      | Reached XP level 4. HP: 27/27 MP: 7/7
  1499 | D:3      | Noticed timbw's ghost (weakling SpIE)
  1599 | D:4      | Found a sand-covered staircase.
  1606 | Ossuary  | Entered an ossuary
  1707 | Ossuary  | Reached XP level 5. HP: 28/31 MP: 9/9
  2096 | D:4      | Gained mutation: You are robust (+10% HP). [potion of mutation]
  2096 | D:4      | Gained mutation: You are very robust (+20% HP). [potion of mutation]
  2096 | D:4      | Gained mutation: Your magical capacity is low (-10% MP). [potion of mutation]
  2160 | D:4      | Reached skill level 5 in Maces & Flails
  2167 | D:4      | Reached XP level 6. HP: 41/43 MP: 9/9
  2200 | D:4      | Noticed Blork the orc
  2204 | D:4      | Killed Blork the orc
  2204 | D:4      | Reached skill level 6 in Maces & Flails
  2243 | D:4      | Found an opulent altar of Gozag.
  2310 | D:4      | Noticed Eustachio
  2320 | D:4      | Killed Eustachio
  2320 | D:4      | Reached XP level 7. HP: 37/49 MP: 10/10
  2327 | D:4      | Noticed Natasha
  2334 | D:4      | Killed Natasha
  2335 | D:4      | Noticed valak23's ghost (average DrBe)
  2373 | D:4      | Found Kleficerch's Magic Scroll Boutique.
  2400 | D:4      | Reached skill level 7 in Maces & Flails
  2426 | D:4      | Noticed Natasha
  2430 | D:4      | Killed Natasha
  2477 | D:4      | Noticed Natasha
  2675 | D:3      | Found a sacrificial altar of Ru.
  2824 | D:4      | Killed Natasha
  2841 | D:5      | Entered Level 5 of the Dungeon
  2938 | D:5      | Reached skill level 1 in Fighting
  3180 | D:5      | Noticed Menkaure
  3208 | D:5      | Reached XP level 8. HP: 25/60 MP: 11/11
  3363 | D:5      | Killed Menkaure
  3363 | D:5      | Reached skill level 8 in Maces & Flails
  3397 | D:5      | Found a burning altar of Makhleb.
  3879 | D:6      | Found a shattered altar of Ashenzari.
  4160 | D:7      | Found Zin's Purification Station.
  4165 | D:7      | Found a glowing silver altar of Zin.
  4189 | D:7      | Noticed Pikel
  4221 | D:7      | Killed Pikel
  4221 | D:7      | Reached skill level 9 in Maces & Flails
  4221 | D:7      | Reached skill level 5 in Dodging
  4221 | D:7      | Reached XP level 9. HP: 21/69 MP: 12/12
  4771 | D:7      | Noticed Ijyb
  4775 | D:7      | Killed Ijyb
  4777 | D:7      | Noticed Joseph
  4783 | D:7      | Killed Joseph
  4783 | D:7      | Reached skill level 10 in Maces & Flails
  5033 | D:8      | Reached skill level 5 in Fighting
  5747 | D:8      | Reached XP level 10. HP: 25/81 MP: 14/14
  6435 | D:8      | Found a deep blue altar of Sif Muna.
  6435 | D:8      | Found an ancient bone altar of Kikubaaqudgha.
  6440 | D:8      | Identified Kikubaaqudgha's Papyrus of Dark Secrets
  6449 | D:8      | Identified Sif Muna's Grimoire of Attacks
  6453 | D:8      | Found a radiant altar of Vehumet.
  6457 | D:8      | Identified Vehumet's Volume of Combat Magic
  6514 | D:9      | Reached skill level 11 in Maces & Flails
  6593 | D:9      | Found a corrupted altar of Lugonu.
  6593 | D:9      | Noticed a rust devil
  6595 | D:9      | Noticed a rust devil
  6601 | D:9      | Found a staircase to the Orcish Mines.
  6857 | D:9      | Noticed a cyan ugly thing
  7174 | D:10     | Entered Level 10 of the Dungeon
  7174 | D:10     | Noticed an ogre mage
  8083 | D:10     | Noticed Josephine
  8236 | D:10     | Killed a cyan ugly thing
  8236 | D:10     | Reached skill level 12 in Maces & Flails
  8236 | D:10     | Reached XP level 11. HP: 19/90 MP: 15/15
  8275 | D:10     | HP: 1/90 [Josephine/ghostly fireball (27)]
  8658 | D:10     | Noticed Harold
  8670 | D:11     | Killed an ogre mage
  8747 | D:10     | Slain by a yak

Action                   |  1- 3 |  4- 6 |  7- 9 | 10-12 || total
-------------------------+-------+-------+-------+-------++-------
Melee: Unarmed           |    29 |       |       |       ||    29
       Whip              |    42 |    92 |   237 |    52 ||   423
       Flail             |       |       |       |   166 ||   166
 Fire: Blowgun           |       |       |       |     3 ||     3
Evoke: Wand              |       |       |     1 |       ||     1
  Use: Scroll            |       |     6 |    10 |     9 ||    25
       Potion            |       |     1 |       |     4 ||     5
 Stab: Sleeping          |     5 |     4 |    13 |     6 ||    28
       Distracted        |       |       |     1 |     1 ||     2
       Confused          |       |       |     1 |       ||     1
       Fleeing           |       |       |       |     1 ||     1
  Eat: Chunk             |     1 |       |     8 |       ||     9
       Meat ration       |       |     1 |     1 |       ||     2
       Bread ration      |       |       |       |     2 ||     2
